AoeStats
← Nopec

Hill Fort

506425474Analyzed
4v4 RM · 19d ago on Sep 13, 2026· 63m 51s· 8 players
Game mode
Random Map
Map size
Large (8 player)
Population
200
Speed
Normal
Resources
Standard
Victory
Conquest
Starting age
Dark Age
Ending age
Imperial Age
RankedLock teamsTeams togetherTeam positionsShared explorationLock speedFull tech treeHidden civsTurbo modeCheats
Victory
Defeat
🇫🇷 Malians · France
843
+9
🇩🇪 Turks · Germany
789
+11
🇨🇳 Britons · China
767
+12
615
+17
🇧🇷 Franks · Brazil
721
-14
🇺🇸 Persians · United States
691
-13
🇹🇷 Britons · Türkiye
671
-12
🇷🇺 Franks · Russia
620
-10
Kenshin Brown
9:26 Feudal Age
9:59 Double-Bit Axe
12:51 Horse Collar
18:32 Castle Age
16:51 Gold Mining
17:32 Stone Mining
25:21 Crossbowman
26:13 Thumb Ring
26:37 Parthian Tactics
27:24 Fletching
27:35 Padded Archer Armor
29:41 Caravan
33:50 Bodkin Arrow
38:24 Imperial Age
39:08 Gold Shaft Mining
38:46 Bow Saw
38:41 Heavy Plow
39:58 Chemistry
39:34 Conscription
39:40 Elite War Elephant
41:59 Forging
41:55 Scale Barding Armor
42:29 Kamandaran
45:45 Wheelbarrow
51:35 Iron Casting
51:21 Chain Barding Armor
51:17 Leather Archer Armor
51:02 Scale Mail Armor
62:20 Pikeman
63:01 Squires
62:47 Arson
Dg
2:09 Loom
16:14 Feudal Age
17:50 Wheelbarrow
23:03 Castle Age
21:57 Man-at-Arms
22:50 Forging
26:34 Gambesons
30:55 Scale Barding Armor
31:18 Long Swordsman
32:02 Scale Mail Armor
32:44 Arson
33:36 Iron Casting
33:32 Fletching
34:50 Chain Mail Armor
35:28 Husbandry
39:08 Hand Cart
41:25 Imperial Age
40:43 Bodkin Arrow
43:33 Conscription
44:07 Elite Skirmisher
57:14 Elite Throwing Axeman
58:56 Blast Furnace
dcpromo26
1:19 Loom
13:30 Feudal Age
14:14 Town Watch
15:42 Double-Bit Axe
23:28 Castle Age
24:38 Wheelbarrow
26:01 Town Patrol
26:15 Bow Saw
27:58 Fletching
28:14 Scale Barding Armor
28:59 Gold Mining
29:00 Stone Mining
31:06 Caravan
32:03 Hand Cart
34:33 Gold Shaft Mining
38:39 Imperial Age
37:30 Ballistics
37:06 Murder Holes
38:38 Husbandry
38:35 Arson
38:51 Squires
38:36 Gambesons
39:16 #83
39:54 Conscription
39:36 Chivalry
39:55 Bodkin Arrow
40:21 Chain Barding Armor
40:11 Forging
39:50 Cavalier
41:41 Fortified Wall
41:42 Masonry
43:44 Paladin
43:56 Elite Throwing Axeman
47:15 Iron Casting
47:16 Plate Barding Armor
46:47 Padded Archer Armor
46:47 Scale Mail Armor
49:45 Blast Furnace
49:24 Architecture
51:45 Chain Mail Armor
51:45 Leather Archer Armor
59:02 Light Cavalry
feyzullahbayraktarr
12:53 Feudal Age
19:06 Castle Age
19:20 Fletching
19:32 Padded Archer Armor
23:29 Bodkin Arrow
25:34 Leather Archer Armor
26:42 Ballistics
29:09 Gold Mining
37:59 Gold Shaft Mining
40:01 Imperial Age
41:55 Chemistry
41:36 Ring Archer Armor
41:07 Bracer
41:39 Elite Longbowman
43:11 Yeomen
Nopec
5:39 Loom
10:21 Feudal Age
10:59 Double-Bit Axe
10:55 Horse Collar
16:13 Wheelbarrow
20:16 Castle Age
19:51 Bloodlines
21:40 Bow Saw
21:30 Heavy Plow
21:54 Gold Mining
21:54 Stone Mining
22:17 Scale Barding Armor
22:22 Forging
22:28 Forging
25:30 Hand Cart
25:00 Town Watch
29:35 Caravan
30:53 Gold Shaft Mining
30:50 Husbandry
33:57 Town Patrol
34:34 Fletching
35:32 Ballistics
35:08 Murder Holes
42:59 Imperial Age
40:58 Bodkin Arrow
41:03 Padded Archer Armor
43:02 Leather Archer Armor
43:07 Chain Barding Armor
43:23 Iron Casting
44:45 Artillery
45:08 Conscription
46:23 Elite Janissary
48:41 Plate Barding Armor
49:06 Blast Furnace
50:30 Heavy Camel Rider
52:42 Bracer
Raven ( ͡⚆ ͜ʖ ͡⚆)
14:23 Feudal Age
18:32 Castle Age
16:29 Double-Bit Axe
16:29 Horse Collar
19:32 Bow Saw
25:02 Loom
25:52 Wheelbarrow
25:03 Town Watch
25:31 Scale Barding Armor
25:38 Forging
27:48 Caravan
28:19 Coinage
28:34 Fervor
29:40 Stone Mining
29:41 Gold Mining
30:16 Chain Barding Armor
30:32 Iron Casting
30:38 Heavy Plow
31:52 Hand Cart
31:37 Town Patrol
33:43 Husbandry
33:53 Bloodlines
33:04 Light Cavalry
38:34 Town Patrol
45:27 Imperial Age
48:41 Plate Barding Armor
49:07 Blast Furnace
47:33 Cavalier
47:33 Hussar
49:34 Banking
50:09 Conscription
50:48 Guilds
53:14 Paladin
goultard
10:26 Feudal Age
10:55 Double-Bit Axe
11:46 Gold Mining
11:43 Horse Collar
17:02 Wheelbarrow
17:29 Stone Mining
24:38 Castle Age
23:13 Man-at-Arms
23:41 Arson
24:09 Forging
23:49 Fletching
24:01 Scale Mail Armor
25:36 Bow Saw
26:06 Gold Shaft Mining
25:32 Heavy Plow
26:12 Stone Shaft Mining
28:56 Town Watch
28:57 Loom
28:44 Long Swordsman
29:26 Squires
28:51 Pikeman
30:00 Fortified Wall
35:08 Iron Casting
34:48 Chain Mail Armor
38:01 Hand Cart
43:03 Imperial Age
42:00 Town Patrol
42:01 Bodkin Arrow
42:07 Padded Archer Armor
45:37 Conscription
44:49 Elite Gbeto
46:52 Crop Rotation
47:45 Husbandry
47:56 Bloodlines
56:50 Plate Mail Armor
56:26 Scale Barding Armor
62:49 Farimba
菜鸟驿站
7:26 Loom
12:00 Feudal Age
15:54 Double-Bit Axe
19:09 Castle Age
17:49 Fletching
17:45 Horse Collar
19:02 Double-Bit Axe
29:45 Wheelbarrow
30:35 Bow Saw
30:36 Town Watch
32:44 Heavy Plow
32:18 Pikeman
33:28 Fletching
33:39 Padded Archer Armor
37:41 Imperial Age
36:09 Ballistics
35:46 Murder Holes
36:02 Masonry
38:25 Yeomen
38:13 Bodkin Arrow
38:34 Leather Archer Armor
40:16 Bracer
40:26 Siege Engineers
41:43 Warwolf
43:58 Chemistry
45:01 Ring Archer Armor
44:33 Scale Mail Armor
45:05 Architecture
45:39 Elite Longbowman
48:23 Hoardings
47:12 Halberdier
53:00 Conscription
52:29 Gambesons
52:45 Squires
53:57 Chain Mail Armor
Connection lost

Rejoining the realm…

Still unreachable

The connection could not be restored.

Session expired

The server has moved on; the page needs a fresh start.